 Dungeon Crawl Stone Soup version 0.28-a0-751-gef3a642a4e (webtiles) character file.

Game seed: 1288377735174085016

7957 Johnny the Carver (level 11, -17/92 HPs)
             Began as a Human Berserker on Oct 30, 2021.
             Was a Believer of Trog.
             Demolished by a boulder beetle (27 damage)
             ... on level 8 of the Dungeon.
             The game lasted 00:09:45 (10979 turns).

Johnny the Carver (Human Berserker)                Turns: 10979, Time: 00:09:45

Health: -17/92     AC:  5    Str: 20    XL:     11   Next: 46%
Magic:  11/11      EV: 12    Int:  7    God:    Trog [**....]
Gold:   427        SH:  0    Dex: 14    Spells: 10/10 levels left

rFire   + . .      SeeInvis .   J - +4 scimitar (flame)
rCold   + + .      Faith    .   (no shield)
rNeg    . . .      Spirit   .   B - +0 steam dragon scales
rPois   .          Reflect  .   I - +2 hat {Will+}
rElec   .          Harm     .   y - scarf {rC+ rF+}
rCorr   .          Rampage  .   k - +0 pair of gloves
Will    +....                   u - +0 pair of boots
Stlth   +.........              (no amulet)
HPRegen 0.25/turn               C - ring of protection from cold
MPRegen 0.12/turn               (no ring)

@: about to teleport, corroded, on berserk cooldown, slowed, very slow
A: no striking features
a: Renounce Religion, Berserk, Trog's Hand


You were on level 8 of the Dungeon.
You worshipped Trog.
Trog was pleased with you.
You visited 1 branch of the dungeon, and saw 9 of its levels.

You collected 427 gold pieces.

Inventory:

Hand Weapons
 a - a +0 falchion
 c - a +1 short sword of speed
 p - a +2 short sword of venom
 A - a +0 long sword of flaming
 H - a +0 scimitar
 J - a +4 scimitar of flaming (weapon)
Missiles
 x - a throwing net (quivered)
Armour
 k - a +0 pair of gloves (worn)
 s - the +1 robe of the Wary Friars {rElec}
   (You found it on level 4 of the Dungeon)

   rElec:     It insulates you from electricity.
 u - a +0 pair of boots (worn)
 y - a scarf of resistance (worn)
 B - +0 steam dragon scales (worn)
 I - a +2 hat of willpower (worn)
Jewellery
 C - a ring of protection from cold (left hand)
Wands
 d - a wand of digging (5)
 j - a wand of charming (11)
 t - a wand of flame (10)
 z - a wand of iceblast (6)
Scrolls
 f - a scroll of teleportation
 l - a scroll of vulnerability
 m - 2 scrolls of noise
 r - 2 scrolls of torment {unknown}
 v - a scroll of amnesia {unknown}
 D - a scroll of immolation {unknown}
 F - a scroll of blinking {unknown}
 G - a scroll of magic mapping
Potions
 b - a potion of degeneration {unknown}
 g - 3 potions of curing
 i - 4 potions of might
 n - a potion of invisibility
 o - 3 potions of flight {unknown}
 q - 2 potions of mutation {unknown}
 w - a potion of brilliance {unknown}
 E - a potion of attraction {unknown}


   Skills:
 + Level 10.4 Fighting
 * Level 14.1 Long Blades
 - Level 2.0 Armour
 - Level 2.0 Dodging


You had 10 spell levels left.
You didn't know any spells.
Your spell library was empty.

Dungeon Overview and Level Annotations

Branches:
Dungeon (9/15)             Temple (0/1) D:7
   Lair: D:8-11         Orc: D:9-12

Altars:
Ashenzari
Cheibriados
Ru
Sif Muna
Trog
Xom
Yredelemnul
Zin

Shops:
D:8 =   D:9 (

Annotations:
D:6 Eustachio
D:7 3 runed translucent doors, Wizop's ghost, novice VSBr


Message History

Trog accepts your kill.
Trog appreciates your killing of a magic user.
You slice the orc wizard!! You burn the orc wizard.
You kill the orc wizard!
Trog accepts your kill.
Trog appreciates your killing of a magic user.
You hit the orc. You burn the orc.
You kill the orc!
Trog accepts your kill.
A brown ugly thing comes into view.
Things that are here:
a +0 dagger; a +0 robe; an orc corpse You feel a strong urge to attack something.
The brown ugly thing gurgles horribly!
You are no longer berserk.
You are exhausted.
You feel yourself slow down. The boulder beetle bites you!
You slash the brown ugly thing! You burn the brown ugly thing.
The brown ugly thing is moderately wounded.
The brown ugly thing tail-slaps you!
You are splashed with acid.
The boulder beetle bites you!
The brown ugly thing closely misses you.
The boulder beetle bites you.
As you read the scroll of teleportation, it crumbles to dust.
You feel strangely unstable. The brown ugly thing tail-slaps you!
You are splashed with acid!
The boulder beetle bites you. The brown ugly thing tail-slaps you.
* * * LOW HITPOINT WARNING * * *
You are splashed with acid!
* * * LOW HITPOINT WARNING * * *
The boulder beetle misses you. The brown ugly thing tail-slaps you!
* * * LOW HITPOINT WARNING * * *
The acid corrodes you!
You are splashed with acid!
* * * LOW HITPOINT WARNING * * *
Things that are here:
a +0 dagger; a +0 robe; an orc corpse You feel better.
The boulder beetle bites you!!
You die...

.. ..... . ...... ..
. #. #......##### ...
##..
#..........######....
#.#
#....................
..##
#..>.................
....
.........))B.........
...B
........)@u.........
....
###...)############
#....+ #....# #....#
# #>...# ## #....#
.## #....# #.# #....#


You could see a boulder beetle and a brown ugly thing.

Vanquished Creatures
  Harold (D:7)
  Erica (D:9)
  A two-headed ogre (D:9)
  A deep elf pyromancer (D:9)
  A deep elf zephyrmancer (D:9)
  Maggie (D:6)
  Sigmund (D:4)
  A shadow (D:7)
  13 yaks
  A basilisk (D:8)
  A steam dragon (D:7)
  A water moccasin (D:9)
  A swamp drake (D:8)
  Pargi (D:4)
  2 orc warriors (D:8)
  An ice beast (D:7)
  A sky beast (D:5)
  4 ogres
  A centaur (D:9)
  2 kobold brigands
  A phantom (D:4)
  Blork the orc (D:5)
  2 gnoll sergeants
  3 scorpions
  A wyvern skeleton (D:7)
  A water moccasin skeleton (D:7)
  3 wights (D:7)
  A crimson imp (D:9)
  A bullfrog zombie (D:7)
  2 orc priests
  A bullfrog skeleton (D:7)
  Crazy Yiuf (D:5)
  2 iguanas
  An iron imp (D:9)
  3 orc wizards
  A scorpion zombie (D:5)
  2 killer bee zombies (D:5)
  A howler monkey zombie (D:8)
  8 adders
  8 gnolls
  A shadow imp (D:9)
  2 white imps
  An adder skeleton (D:4)
  3 dart slugs
  18 orcs
  7 ball pythons
  4 bats
  6 endoplasms
  2 giant cockroaches
  2 hobgoblins (D:3)
  4 jackals (D:4)
  11 kobolds
  9 quokkas
  2 goblins (D:2)
  5 rats
158 creatures vanquished.

Vanquished Creatures (others)
  A wizard (D:6)
  A yak (D:9)
  2 orc wizards (D:9)
  A kobold (D:9)
5 creatures vanquished.

Grand Total: 163 creatures vanquished

Notes
Turn   | Place    | Note
-------+----------+-------------------------------------------
     0 | D:1      | Johnny the Human Berserker began the quest for the Orb.
     0 | D:1      | Reached XP level 1. HP: 18/18 MP: 1/1
   155 | D:1      | Found a faded altar of an unknown god.
   244 | D:1      | Reached XP level 2. HP: 23/24 MP: 2/2
  1174 | D:2      | Reached XP level 3. HP: 21/29 MP: 3/3
  1857 | D:2      | Reached ** piety under Trog
  2013 | D:3      | Found a shimmering blue altar of Sif Muna.
  2013 | D:3      | Found a sacrificial altar of Ru.
  2038 | D:3      | Reached skill level 4 in Long Blades
  2182 | D:3      | Reached XP level 4. HP: 36/36 MP: 4/4
  2931 | D:4      | Identified the +1 robe of the Wary Friars {rElec}
  2977 | D:4      | Noticed a phantom
  2997 | D:4      | Killed a phantom
  2998 | D:4      | Reached skill level 5 in Long Blades
  2998 | D:4      | Reached XP level 5. HP: 42/42 MP: 5/5
  3069 | D:4      | Noticed Pargi
  3083 | D:4      | Killed Pargi
  3084 | D:4      | Reached XP level 6. HP: 49/49 MP: 6/6
  3259 | D:4      | Noticed an ogre
  3281 | D:4      | Killed an ogre
  3282 | D:4      | Reached skill level 6 in Long Blades
  3340 | D:4      | Reached XP level 7. HP: 38/55 MP: 7/7
  3758 | D:4      | Noticed Sigmund
  3776 | D:5      | Entered Level 5 of the Dungeon
  3800 | D:5      | Reached skill level 5 in Fighting
  3938 | D:4      | Killed Sigmund
  3939 | D:4      | Reached skill level 7 in Long Blades
  4063 | D:5      | Noticed Blork the orc
  4079 | D:5      | Killed Blork the orc
  4080 | D:5      | Reached XP level 8. HP: 59/63 MP: 8/8
  4240 | D:5      | Found a runed translucent door.
  4241 | D:5      | Noticed Crazy Yiuf
  4428 | D:5      | Reached skill level 8 in Long Blades
  5410 | D:5      | Killed Crazy Yiuf
  5492 | D:6      | Noticed Maggie
  5522 | D:6      | Killed Maggie
  5523 | D:6      | Reached skill level 9 in Long Blades
  5523 | D:6      | Reached XP level 9. HP: 71/71 MP: 9/9
  5840 | D:6      | Found a bloodstained altar of Trog.
  5841 | D:6      | Noticed a wizard
  5847 | D:6      | Killed a wizard
  5870 | D:6      | Noticed a four-headed hydra
  5870 | D:6      | Noticed Eustachio
  6320 | D:7      | Found a staircase to the Ecumenical Temple.
  6346 | D:7      | Reached skill level 10 in Long Blades
  6682 | D:7      | Found a runed translucent gate.
  6682 | D:7      | Found a runed translucent gate.
  6683 | D:7      | Found a runed translucent gate.
  6686 | D:7      | Noticed Wizop's ghost (novice VSBr)
  7742 | D:7      | Noticed Harold
  7763 | D:7      | Killed Harold
  7764 | D:7      | Reached skill level 11 in Long Blades
  7764 | D:7      | Reached XP level 10. HP: 31/80 MP: 10/10
  8379 | D:8      | Found Tarom's Jewellery Shoppe.
  8501 | D:8      | Found a shimmering altar of Xom.
  8613 | D:8      | Noticed a boulder beetle
  8621 | D:8      | HP: 4/82 [boulder beetle (45)]
  9294 | D:9      | Found Fumix's Antique Weapon Boutique.
  9519 | D:9      | Noticed a deep elf pyromancer
  9519 | D:9      | Noticed a deep elf zephyrmancer
  9583 | D:9      | Killed a deep elf pyromancer
  9584 | D:9      | Reached skill level 12 in Long Blades
  9629 | D:9      | Killed a deep elf zephyrmancer
  9872 | D:9      | Noticed a two-headed ogre
  9884 | D:9      | Killed a two-headed ogre
  9967 | D:9      | Found a glowing silver altar of Zin.
 10005 | D:9      | Reached skill level 13 in Long Blades
 10005 | D:9      | Reached XP level 11. HP: 69/89 MP: 11/11
 10171 | D:9      | Found a broken altar of Ashenzari.
 10174 | D:9      | Found a snail-covered altar of Cheibriados.
 10174 | D:9      | Found a basalt altar of Yredelemnul.
 10182 | D:9      | Noticed Erica
 10272 | D:9      | Killed Erica
 10273 | D:9      | Reached skill level 10 in Fighting
 10707 | D:9      | Reached skill level 14 in Long Blades
 10970 | D:8      | Noticed a brown ugly thing
 10978 | D:8      | HP: 2/92 [acid (8)]
 10979 | D:8      | Demolished by a boulder beetle

Illustrated notes

Levels and vault maps discovered:
D:1:      heliophobic_arrival_battle_scene, layout_loops_ring,
          chequers_ecumenical_altar_twisty
D:2:      layout_loops_ring, corexii_hall_statues_t,
          chequers_serial_rivers_micro_d
D:3:      layout_loops_ring, chequers_temple_overflow_statue_of_worship
D:4:      layout_loops_ring, grunt_ministairs_1, minmay_diced_spiral,
          uniq_sigmund, uniq_pargi
D:5:      layout_loops_corners, uniq_crazy_yiuf_cottage, uniq_blork_the_orc
D:6:      layout_basic, trog_wizard, uniq_grinder, uniq_eustachio, uniq_maggie
D:7:      layout_loops_corners, temple_doors_e, gammafunk_ghost_necromancy,
          nrook_campfire, uniq_harold
D:8:      minmay_chambers_of_fours, layout_gridville, marbit_many_paths,
          serial_shops, nicolae_shop_behind_doors, minmay_diamond_spiral,
          uniq_pikel
D:9:      layout_roguey, grunt_temple_overflow_open, serial_shops,
          nicolae_diamond_shop, hangedman_minor_magic, uniq_erica

Skill      XL: |  1  2  3  4  5  6  7  8  9 10 11 |
---------------+----------------------------------+-----
Long Blades    | 4 5 6 7 9 11 13 14 | 14.1
Fighting       | 4 5 6 8 9 10 | 10.4
Armour         | |  2.0
Dodging        | |  2.0

Action                   |  1- 3 |  4- 6 |  7- 9 | 10-12 || total
-------------------------+-------+-------+-------+-------++-------
Melee: Falchion          |    14 |       |       |       ||    14
       Short sword       |    85 |   122 |   310 |   249 ||   766
       Long sword        |       |       |     8 |       ||     8
       Scimitar          |       |       |       |    41 ||    41
Invok: Berserk           |       |     3 |    12 |    14 ||    29
       Trog's Hand       |       |       |     5 |    10 ||    15
Evoke: Wand              |       |       |       |    15 ||    15
  Use: Scroll            |       |       |     9 |     9 ||    18
       Potion            |       |       |       |     4 ||     4
 Stab: Sleeping          |     1 |       |     2 |       ||     3
Armor: Animal skin       |    11 |     6 |       |       ||    17
       Robe              |       |    11 |    15 |       ||    26
       Steam dragon scal |       |       |    36 |    48 ||    84
Dodge: Dodged            |    58 |    55 |    90 |   108 ||   311

Table legend: (Time is in decaauts)
 A = Elapsed time spent in this place.
 B = Non-inter-level travel time spent in this place.
 C = Inter-level travel time spent in this place.
 D = Time resting spent in this place.
 E = Time spent auto-exploring this place.
 F = Levels seen in this place.
 G = Mean time per level.
                   A        B        C        D        E       F      G
               +--------+--------+--------+--------+--------+-----+--------+
         Total |  10925 |  10679 |    246 |   3020 |   6243 |   9 | 1213.9 |
       Dungeon |  10925 |  10679 |    246 |   3020 |   6243 |   9 | 1213.9 |
               +--------+--------+--------+--------+--------+-----+--------+

Top non-repeatable levels by time:
     D:7: 2282 daAuts
     D:5: 1617 daAuts
     D:9: 1520 daAuts
     D:8: 1168 daAuts
     D:4: 1079 daAuts
     D:2: 1017 daAuts
     D:1: 977 daAuts
     D:3: 771 daAuts
     D:6: 491 daAuts
